AoeStats
← ZUCH

Arabia

506639698Analyzed
1v1 RM · 17d ago on Sep 14, 2026· 14m 50s· 2 players
Game mode
Random Map
Map size
Tiny (2 player)
Population
200
Speed
Normal
Resources
Standard
Victory
Conquest
Starting age
Dark Age
Ending age
Imperial Age
RankedLock teamsTeams togetherTeam positionsShared explorationLock speedFull tech treeHidden civsTurbo modeCheats
Victory
Defeat
🇵🇱 Britons · Poland
1290
+16
🇬🇧 Vietnamese · United Kingdom
1283
-16
Euphoria
6:43 Loom
8:57 Feudal Age
9:35 Double-Bit Axe
11:02 Gold Mining
13:21 Fletching
ZUCH
6:36 Loom
9:25 Feudal Age
9:31 Man-at-Arms
9:59 Double-Bit Axe
14:17 Arson
Connection lost

Rejoining the realm…

Still unreachable

The connection could not be restored.

Session expired

The server has moved on; the page needs a fresh start.